 Dungeon Crawl Stone Soup version 0.27.1-34-g3ba077fa99 (webtiles) character file.

Game seed: 15148578471255113847

168 iwittbrodt the Skirmisher (level 5, 0/38 HPs)
             Began as an Octopode Monk on Jan 15, 2022.
             Was a Believer of Sif Muna.
             Slain by a lemure (2 damage)
             ... led by Pikel
             ... on level 4 of the Dungeon.
             The game lasted 00:21:33 (4456 turns).

iwittbrodt the Skirmisher (Octopode Monk)           Turns: 4456, Time: 00:21:34

Health: 0/38       AC:  5    Str: 10    XL:     5   Next: 49%
Magic:  5/5        EV: 15    Int: 14    God:    Sif Muna [**....]
Gold:   202        SH:  0    Dex: 14    Spells: 4/4 levels left

rFire    . . .     SeeInvis .   a - +0 spear
rCold    . . .     Faith    .   (no shield)
rNeg     . . .     Spirit   .   (helmet restricted)
rPois    .         Reflect  .   (no amulet)
rElec    .         Harm     .   b - +4 ring of evasion
rCorr    .         Rampage  .   t - +4 ring of protection
Will     .....                  (no ring)
Stlth    ++++......             (no ring)
HPRegen  0.12/turn              (no ring)
MPRegen  0.09/turn              (no ring)
                                (no ring)
                                (no ring)

@: constricted
A: almost no armour, amphibious, 8 rings, camouflage 1, gelatinous body 1,
(nimble swimmer 1), tentacles
a: Renounce Religion, Channel Magic


You were on level 4 of the Dungeon.
You worshipped Sif Muna.
Sif Muna was pleased with you.
You visited 2 branches of the dungeon, and saw 5 of its levels.
You also visited: Ossuary.

You collected 202 gold pieces.

Inventory:

Hand Weapons
 a - a +0 spear (weapon)
 o - a +0 hunting sling
Missiles
 p - 25 stones (quivered)
Magical Staves
 x - a staff of conjuration
Jewellery
 b - a +4 ring of evasion (left tentacle)
 t - a +4 ring of protection (right tentacle)
Wands
 q - a wand of acid (13)
Scrolls
 c - a scroll of amnesia {unknown}
 h - a scroll of identify {unknown}
 l - a scroll of noise {unknown}
 n - 3 scrolls of magic mapping {unknown}
 s - a scroll of enchant weapon {unknown}
 u - a scroll of brand weapon {unknown}
 v - a scroll of fear {unknown}
 w - a scroll of teleportation {unknown}
Potions
 d - 2 potions of attraction {unknown}
 e - a potion of cancellation {unknown}
 f - a potion of lignification {unknown}
 g - a potion of haste {unknown}
 i - a potion of invisibility {unknown}
 j - 2 potions of berserk rage {unknown}
 k - 2 potions of curing {unknown}
 m - a potion of degeneration {unknown}
 r - a potion of flight {unknown}


   Skills:
 * Level 4.4 Fighting
 + Level 3.7 Polearms
 + Level 3.7 Dodging
 + Level 4.1 Stealth
 + Level 0.9 Evocations


You had 4 spell levels left.
You didn't know any spells.
Your spell library contained the following spells:

 Spells                   Type           Power      Damage    Failure   Level
 Stone Arrow              Conj/Erth      0%         3d7       65%         3
 Bolt of Magma            Conj/Fire/Erth 0%         4d4       100%        5
 Shatter                  Erth           0%         3d5*      100%        9


Dungeon Overview and Level Annotations

Branches:
Dungeon (4/15)             Temple (1/1) D:4         Ossuary (visited)

Altars:
Ashenzari
Cheibriados
Dithmenos
Elyvilon
Gozag
Hepliaklqana
Kikubaaqudgha
Makhleb
Okawaru
Qazlal
Ru
Sif Muna
Trog
Uskayaw
Vehumet
Wu Jian
Yredelemnul
Zin

Shops:
D:2 (

Annotations:
D:4 Pikel


Innate Abilities, Weirdness & Mutations

You cannot wear most types of armour.
You are amphibious.
You can wear up to eight rings at the same time.
Your skin changes colour to match your surroundings (Stealth+).
Your rubbery body absorbs attacks. (AC +1, EV +1)
((You are camouflaged near water. (Stealth+)))
You have tentacles for arms and can constrict up to eight enemies at once.


Message History

Pikel is lightly wounded.
You constrict Pikel. Pikel closely misses you.
You hit Pikel but do no damage. You squeeze Pikel!
Pikel is moderately wounded.
You constrict Pikel, but do no damage.
Pikel hits you with a +1 whip of flaming.
Pikel burns you.
You hit Pikel but do no damage.
Pikel is moderately wounded.
You constrict Pikel.
The ball python bites you but does no damage.
The ball python misses you. The lemure hits you. Pikel misses you.
You hit Pikel but do no damage.
Pikel is moderately wounded.
You constrict Pikel.
A lemure comes into view.
The ball python completely misses you. The ball python grabs you.
The ball python constricts you. The lemure hits you!
You are too injured to fight recklessly!
You are too injured to fight recklessly!
You are too injured to fight recklessly!
You are too injured to fight recklessly!
The lemure shouts!
You hit Pikel but do no damage.
Pikel is heavily wounded.
You constrict Pikel, but do no damage.
You hear a shout!
Pikel closely misses you. The ball python closely misses you.
The ball python constricts you.
You hear an angry hiss.
You hit Pikel but do no damage.
Pikel is heavily wounded.
You constrict Pikel. The ball python misses you.
The ball python constricts you.
Pikel hits you with a +1 whip of flaming!
* * * LOW HITPOINT WARNING * * *
Pikel burns you.
* * * LOW HITPOINT WARNING * * *
The lemure hits you.
You die...

. #._.#.≈..# #....##
#...#.§..# #.####
##.≈.## #.#######
...≈.# #....<...
≈≈§≈≈.# #..#####.
S.....# #..#
.#§..########..#####
##....55.........#.
#.....@K...........
#.##.#S##.###.####.
#.#.##.# .# #.......
.. #.#.#.##. ##.
..#.... .K ..
##.#.#.#. #. ##
#.?.#. ..


S5 You could see Pikel, 2 lemures and a ball python.

Vanquished Creatures
  A lemure (Temple)
  A hound (D:4)
  A hound skeleton (D:4)
  6 adders
  2 dart slugs (D:3)
  An orc (D:3)
  9 ball pythons
  2 endoplasms (D:2)
  5 giant cockroaches
  10 goblins
  6 hobgoblins
  2 quokkas (D:1)
  2 bats
  4 frilled lizards
  5 kobolds
  11 rats
68 creatures vanquished.

Notes
Turn   | Place    | Note
-------+----------+-------------------------------------------
     0 | D:1      | iwittbrodt the Octopode Monk began the quest for the Orb.
     0 | D:1      | Reached XP level 1. HP: 16/16 MP: 1/1
   364 | D:1      | Reached XP level 2. HP: 21/21 MP: 2/2
   520 | D:1      | Found a faded altar of an unknown god.
  1059 | D:1      | Reached XP level 3. HP: 24/26 MP: 3/3
  1201 | D:2      | Found Onenlya's Weapon Emporium.
  1856 | D:2      | Reached XP level 4. HP: 33/33 MP: 4/4
  1904 | D:3      | Noticed an ogre
  2128 | D:3      | Found a white marble altar of Elyvilon.
  3152 | D:4      | Found a sand-covered staircase.
  3168 | Ossuary  | Entered an ossuary
  3338 | D:4      | Found a staircase to the Ecumenical Temple.
  3350 | Temple   | Entered the Ecumenical Temple
  3679 | Temple   | Became a worshipper of Sif Muna the Loreminder
  3679 | Temple   | Reached * piety under Sif Muna
  3679 | Temple   | Reached ** piety under Sif Muna
  3929 | D:4      | Noticed a lemure
  3929 | D:4      | Noticed a lemure
  4012 | D:4      | Reached XP level 5. HP: 23/37 MP: 5/5
  4148 | Temple   | Killed a lemure
  4381 | D:4      | Found a shadowy altar of Dithmenos.
  4443 | D:4      | Noticed Pikel
  4454 | D:4      | Noticed a lemure
  4456 | D:4      | Slain by a lemure

Illustrated notes

Levels and vault maps discovered:
D:1:      minmay_arrival_four_circles, layout_basic,
          dilly_ecumenical_altar_fadedgnrine, grunt_decor_resistance,
          minmay_tiny_reverse_x
D:2:      layout_loops_ring, serial_shops, nicolae_shop_waterfront
D:3:      layout_basic, elyvilon_altar_1, gup_sewer_entry_bowl
D:4:      layout_loops_corners, mainiacjoe_overflow_brackets,
          minmay_temple_entry_purple_smoke,
          lightli_ossuary_entry_decrepit_ruins, minmay_diced_spiral, uniq_pikel
Temple:   regret_index_temple_sphere_string

Skill      XL: |  1  2  3  4  5 |
---------------+----------------+-----
Stealth        | 3 4 |  4.1
Fighting       | 4 |  4.4
Polearms       | |  3.7
Dodging        | |  3.7
Evocations     | |  0.9

Action                   |  1- 3 |  4- 6 || total
-------------------------+-------+-------++-------
Melee: Spear             |    79 |   114 ||   193
       Constrict         |    19 |    22 ||    41
       Tentacles         |    11 |    26 ||    37
 Stab: Sleeping          |    27 |    11 ||    38
Armor: Skin              |     1 |     7 ||     8
Dodge: Dodged            |    30 |    87 ||   117
